 Dungeon Crawl Stone Soup version 0.21.1-1-g345015fe64 (webtiles) character file.

81 Gargoyl the Skirmisher (level 4, -4/38 HPs)
             Began as a Centaur Abyssal Knight on June 4, 2018.
             Was a Believer of Lugonu.
             Killed by divine providence
             ... invoked by an orc priest
              (12 damage)
             ... on level 3 of the Dungeon.
             The game lasted 00:02:57 (2613 turns).

Gargoyl the Skirmisher (Centaur Abyssal Knight)     Turns: 2613, Time: 00:02:57

Health: -4/38      AC:  8    Str: 14    XL:     4   Next: 20%
Magic:  6/6        EV:  1    Int: 11    God:    Lugonu [**....]
Gold:   132        SH:  0    Dex: 10    Spells: 3/3 levels left

rFire    . . .     SeeInvis .   n - +0 war axe
rCold    . . .     Gourm    .   (no shield)
rNeg     . . .     Faith    .   d - +0 plate armour
rPois    .         Spirit   .   (no helmet)
rElec    .         Reflect  .   (no cloak)
rCorr    .         Harm     .   (no gloves)
MR       .....                  (no barding)
Stlth    ..........             e - amulet of magic regeneration
HPRegen  0.12/turn              (no ring)
MPRegen  0.35/turn              (no ring)

@: very quick
A: large, hooves 3, deformed body, speed 2, tough skin 3
a: Depart the Abyss, Bend Space, Renounce Religion


You were on level 3 of the Dungeon.
You worshipped Lugonu.
Lugonu was pleased with you.
You were not hungry.

You visited 1 branch of the dungeon, and saw 3 of its levels.
You visited the Abyss 1 time.

You collected 132 gold pieces.

Inventory:

Hand Weapons
 a - a +1 hand axe
 n - a +0 war axe (weapon)
Missiles
 l - 7 tomahawks (quivered)
Armour
 d - a +0 plate armour (worn)
Jewellery
 e - an amulet of magic regeneration (around neck)
Scrolls
 b - a scroll of identify {unknown}
 g - a scroll of enchant weapon {unknown}
 i - a scroll of immolation
 j - 2 scrolls of remove curse {unknown}
 k - a scroll of teleportation {unknown}
Potions
 f - a potion of degeneration {unknown}
 h - 2 potions of curing {unknown}
Comestibles
 c - 4 rations
 m - 8 chunks of flesh


   Skills:
 + Level 3.5 Fighting
 + Level 2.8 Axes
 * Level 2.0 Armour
 + Level 0.6 Dodging
 * Level 2.7 Invocations


You had 3 spell levels left.
You didn't know any spells.

Dungeon Overview and Level Annotations

Branches:
Dungeon (3/15)

Altars:
Cheibriados
Dithmenos
Trog
Yredelemnul
Zin


Innate Abilities, Weirdness & Mutations

You have hooves in place of feet.
Armour fits poorly on your strangely shaped body.
You cover ground very quickly.
You have extremely tough skin. (AC +3)


Message History

The orc priest invokes the aid of Beogh against you.
Pain shoots through your body!
The orc priest mumbles some strange prayers to Beogh against you.
Pain shoots through your body!
Your plate armour prevents you from hitting the orc priest.
You kick the orc priest.
The orc priest is moderately wounded.
The orc priest hits you with a war axe!
* * * LOW HITPOINT WARNING * * *
You closely miss the orc priest.
The orc priest is moderately wounded.
The orc priest barely misses you.
You barely miss the orc priest. Your kick misses the orc priest.
The orc priest is moderately wounded.
The orc priest barely misses you.
You closely miss the orc priest.
The orc priest is moderately wounded.
The orc priest mumbles some strange prayers to Beogh against you.
Beogh smites you!
You die...

##########
.........#####
.........<...#
.............#
.........@...##
.........o....##
...............#
...............#
.......).......#
...............#
##...............
#..............#
#.........####.#


You could see an orc priest.

Vanquished Creatures
  2 adders (D:2)
  An ooze (D:2)
  A worm (D:2)
  2 dart slugs
  2 leopard geckos (D:1)
  4 orcs (D:2)
  4 bats
  4 giant cockroaches (D:1)
  5 goblins
  5 hobgoblins
  4 kobolds
  2 quokkas
  3 frilled lizards
  3 rats
42 creatures vanquished.

Notes
Turn   | Place    | Note
-------+----------+-------------------------------------------
     0 | Abyss:1  | Gargoyl the Centaur Abyssal Knight began the quest for the Orb.
     0 | Abyss:1  | Reached XP level 1. HP: 19/19 MP: 2/2
     9 | Abyss:2  | Noticed a large abomination
    20 | Abyss:2  | Noticed a small abomination
    21 | Abyss:2  | Noticed a raiju
    21 | Abyss:2  | Noticed a raiju
    22 | D:1      | Escaped the Abyss
    36 | D:1      | Noticed a demonspawn
    38 | D:1      | Noticed a minotaur
    38 | D:1      | Noticed a demigod
    40 | D:1      | Noticed a dwarf
    40 | D:1      | Noticed a draconian
    42 | D:1      | Noticed an elf
    44 | D:1      | Noticed a tengu
    44 | D:1      | Noticed a vine stalker
    46 | D:1      | Noticed an ogre
    46 | D:1      | Noticed a naga
    48 | D:1      | Noticed a formicid
    48 | D:1      | Noticed a ghoul
    50 | D:1      | Noticed a human
    52 | D:1      | Noticed a felid
    52 | D:1      | Noticed a troll
    54 | D:1      | Noticed a halfling
    54 | D:1      | Noticed a spriggan
    56 | D:1      | Noticed an octopode
    56 | D:1      | Noticed a centaur
    58 | D:1      | Noticed a merfolk
    58 | D:1      | Noticed a gargoyle
    60 | D:1      | Noticed a vampire
    75 | D:1      | Reached * piety under Lugonu
   113 | D:1      | Reached XP level 2. HP: 12/26 MP: 3/3
   722 | D:1      | Reached XP level 3. HP: 30/31 MP: 3/5
  1927 | D:2      | Found a basalt altar of Yredelemnul.
  1928 | D:2      | Found a snail-covered altar of Cheibriados.
  1958 | D:2      | Found a bloodstained altar of Trog.
  1959 | D:2      | Found a shadowy altar of Dithmenos.
  1959 | D:2      | Found a glowing silver altar of Zin.
  2467 | D:3      | Reached XP level 4. HP: 37/38 MP: 6/6
  2588 | D:2      | Reached ** piety under Lugonu
  2613 | D:3      | Killed from afar by an orc priest

Skill      XL: |  1  2  3  4 |
---------------+-------------+-----
Axes           | 2 |  2.8
Armour         | 2 |  2.0
Fighting       | |  3.5
Dodging        | |  0.6
Invocations    | |  2.7

Action                   |  1- 3 |  4- 6 || total
-------------------------+-------+-------++-------
Melee: Hand axe          |   112 |    23 ||   135
       Kick              |    14 |     6 ||    20
       War axe           |       |     4 ||     4
Invok: Depart the Abyss  |     1 |       ||     1
  Use: Scroll            |     1 |       ||     1
  Eat: Chunk             |     2 |     2 ||     4
Armor: Plate armour      |   136 |    28 ||   164
Dodge: Dodged            |     7 |     5 ||    12
